 Dungeon Crawl Stone Soup version 0.16-a0-4113-g7d8e295 (webtiles) character file.

341287 barkface the Executioner (level 21, -27/196 HPs)
             Began as a Minotaur Berserker on Feb 28, 2015.
             Was the Champion of Trog.
             Killed from afar by a spellforged servitor (41 damage)
             ... with a bolt of negative energy
             ... summoned by an ancient lich
             ... on level 4 of the Vaults.
             The game lasted 03:58:56 (47817 turns).

barkface the Executioner (Minotaur Berserker)      Turns: 47817, Time: 03:58:56

Health: -27/196    AC: 27    Str: 34    XL:     21   Next: 8%
Magic:  11/30      EV: 17    Int:  9    God:    Trog [******]
Gold:   4605       SH:  0    Dex: 17    Spells: 0 memorised, 20 levels left

rFire  + . .     SeeInvis .     a - +10 battleaxe "Fruygug" {venom, Str+3 Int+2 Dex+4}
rCold  + . .     Clarity  .     I - +2 plate armour {rF+}
rNeg   . . .     SustAb   .     (no shield)
rPois  +         Gourm    .     Q - +0 hat
rElec  .         Spirit   .     D - +2 cloak {MR+}
rCorr  +         Warding  .     o - +2 pair of gloves
rMut   .         Stasis   .     h - +0 pair of boots "Kotioh" {rF- rC+ rCorr Str+3 Int+4}
MR     ++...                    v - amulet of regeneration
Stlth  ..........               l - ring of protection from fire
                                q - ring of poison resistance

@: about to teleport, very slightly contaminated, very heavily drained, very
resistant to hostile enchantments, extremely unstealthy
A: retaliatory headbutt, horns 2, dopey 1, sense surroundings 1
a: Burn Spellbooks, Berserk, Trog's Hand, Brothers in Arms, Renounce Religion
}: 2/15 runes: decaying, serpentine


You were on level 4 of the Vaults.
You worshipped Trog.
Trog was exalted by your worship.
You were not hungry.

You visited 8 branches of the dungeon, and saw 44 of its levels.
You visited 1 bazaar.
You also visited: Labyrinth and Ossuary.

You collected 4949 gold pieces.
You spent 344 gold pieces at shops.

Inventory:

Hand weapons
 a - the +10 battleaxe "Fruygug" (weapon) {venom, Str+3 Int+2 Dex+4}
   (Trog gifted it to you on level 8 of the Lair of Beasts)

   It poisons the flesh of those it strikes.
   It affects your strength (+3).
   It affects your intelligence (+2).
   It affects your dexterity (+4).
 w - a +5 antimagic great sword
Missiles
 z - 7 javelins of returning (quivered)
Armour
 h - the +0 pair of boots "Kotioh" (worn) {rF- rC+ rCorr Str+3 Int+4}
   (You found it on level 1 of the Swamp)

   It affects your strength (+3).
   It affects your intelligence (+4).
   It makes you vulnerable to fire.
   It protects you from cold.
   It protects you from acid and corrosion.
 o - a +2 pair of gloves (worn)
 r - a fire dragon hide
 D - a +2 cloak of magic resistance (worn)
 F - a +0 large shield
 I - a +2 plate armour of fire resistance (worn)
 Q - a +0 hat (worn)
Rods
 b - a +3 iron rod (13/13)
   (You found it on level 2 of the Snake Pit)
Jewellery
 l - a ring of protection from fire (right hand)
 m - the amulet "Phagh" {Stasis Contam rF+ Str+3 Dex+7}
   (You found it on level 5 of the Snake Pit)

   [amulet of stasis]

   It prevents you from being teleported, slowed, hasted or paralysed.
   It affects your strength (+3).
   It affects your dexterity (+7).
   It protects you from fire.
   It causes magical contamination when unequipped.
 q - a ring of poison resistance (left hand)
 v - an amulet of regeneration (around neck)
 G - an uncursed ring of see invisible
 S - an uncursed ring of flight
Magical devices
 c - a wand of disintegration (10)
 k - a wand of disintegration (12)
 t - a wand of teleportation (4)
 y - a wand of teleportation (0)
 C - a wand of digging (8)
 K - a wand of teleportation (6)
 M - a wand of fireball (3)
 N - a wand of teleportation (3)
 P - a wand of digging (13)
Scrolls
 f - 6 scrolls of teleportation
 n - 9 scrolls of remove curse
 u - a scroll of blinking
 A - 2 scrolls of silence
 E - 15 scrolls of identify
 J - a scroll of recharging
 L - 8 scrolls of fog
 T - a scroll of fear
 X - 7 scrolls of magic mapping
Potions
 d - 4 potions of might
 e - 6 potions of curing
 g - 6 potions of haste
 i - 4 potions of agility
 s - 4 potions of heal wounds
 B - a potion of brilliance
 H - a potion of flight
 W - 3 potions of resistance
Miscellaneous
 p - a fan of gales
Comestibles
 j - a beef jerky
 x - 20 meat rations
 O - 3 bread rations


   Skills:
 + Level 18.8(14.3) Fighting
 - Level 14.2(10.1) Long Blades
 * Level 21.0(16.3) Axes
 - Level 3.3(0.2) Throwing
 + Level 19.0(14.5) Armour
 + Level 17.9(13.5) Dodging
 - Level 13.0(9.0) Shields
 - Level 11.2(7.4) Evocations


You had 20 spell levels left.
You didn't know any spells.

Dungeon Overview and Level Annotations

Branches:
Dungeon (15/15)            Temple (1/1) D:5            Lair (8/8) D:8
  Swamp (5/5) Lair:5        Snake (5/5) Lair:5        Slime (0/6) Lair:6
    Orc (4/4) D:9             Elf (0/3) Orc:3        Vaults (5/5) D:14
  Crypt (0/3) Vaults:2     Depths (1/5) D:15

Altars:
Dithmenos
Elyvilon
Fedhas
Gozag
Kikubaaqudgha
Makhleb
Okawaru
Sif Muna
Trog
Zin
The Shining One
Jiyva

Shops:
D:4 [   Orc:3 [   Orc:4 (?}*   Vaults:2 }

Annotations:
Lair:8 1 runed door


Innate Abilities, Weirdness & Mutations

You reflexively headbutt those who attack you in melee.
You have a pair of horns on your head.
You are dopey. (Int -2)
You passively map a small area around you.


Message History

The bolt of negative energy hits you!
You feel drained.
The bolt of negative energy hits the ancient lich.
The ancient lich completely resists.
The ancient lich gestures at you while chanting.
The crystal spear hits you!
* * * LOW HITPOINT WARNING * * *
Read which item? (? for menu, Esc to quit)
Blink to where?
Press: ? - help, Dir - move target cursor You are very lightly contaminated with residual magic.
As you read the scroll of blinking, it crumbles to dust.
Read which item? (? for menu, Esc to quit)
As you read the scroll of teleportation, it crumbles to dust.
You feel strangely unstable.
The ancient lich mumbles some strange words.
The Executioner gestures.
The Executioner seems to speed up.
The spellforged servitor points at you and mumbles some strange words.
The bolt of negative energy hits you!
You feel drained.
You die...

..#............#...........#...##
..#............#...........#.....
..#............#...........######
..#............#...........#.....
..###'##########...........#.....
#..........................#.....
#..........................#...#)
#.......#####..............#()...
#.....###...###.@.....8....#(#(..
#...####.....####...(..L...#..(..
#..##...#...#([8##...(.1..(#(..#.
#..#.....###.L>p.#.........).....
#..##...#...#p[[##...(.....######
....####.....##'#..((((.(..#
......###...###......[.....#
...(.######'#.....(.###'#'#######
.....#......#.......##.(#..#..'..


You could see an ancient lich, a spellforged servitor and an Executioner.

Vanquished Creatures
  Saint Roka (Snake:5)
  Mara (Swamp:3)
  Mennas (Vaults:3)
  A bone dragon (Swamp:5)
  A tentacled monstrosity (Vaults:4)
  2 sphinxes
  Agnes (Swamp:1)
  An ancient champion (Vaults:2)
  3 thorn hunters
  Kirke (Swamp:2)
  A tengu reaver (Vaults:4)
  A shadow dragon (Vaults:3)
  Frances (Swamp:2)
  A revenant (Vaults:2)
  4 greater nagas (Snake:5)
  A fire giant (Vaults:3)
  Wiglaf (Swamp:2)
  12 vault wardens
  Aizul (Swamp:2)
  Louise (Snake:1)
  2 very ugly things
  10 ironheart preservers
  3 stone giants
  A deep elf demonologist (Vaults:4)
  A dire elephant (D:15)
  The ghost of hornqvist the Ninja, a powerful SpBe of Trog (Snake:1)
  A deep elf annihilator (Vaults:3)
  3 ettins
  An eidolon (Vaults:2)
  A minotaur (Lab)
  37 vault guards
  3 fire dragons
  10 yaktaur captains
  Fannar (D:12)
  An ice dragon (Vaults:2)
  Harold (Orc:3)
  16 naga warriors
  3 rakshasas
  18 hydras
  Nessos (D:15)
  3 ghost crabs
  The ghost of Kaesh the Grappler, an experienced TrMo of Okawaru (Lair:1)
  2 deep troll shamans
  8 anacondas
  7 centaur warriors
  8 alligators
  A vampire mage (Vaults:2)
  9 ogre magi
  A tengu warrior (D:14)
  24 naga sharpshooters
  A death yak (Lair:8)
  Urug (Orc:2)
  3 shock serpents
  Nergalle (D:15)
  An orc high priest (Orc:3)
  3 skeletal warriors (Vaults:2)
  A giant orange brain (Vaults:4)
  3 fire crabs
  4 deep elf knights
  2 shadow wraiths
  2 unseen horrors
  6 salamander mystics
  16 deep trolls
  2 lindwurms (Lair:8)
  A flayed ghost (Vaults:2)
  3 spectral hydras
  3 swamp dragons
  An ice statue (D:13)
  A wizard (Vaults:3)
  3 shambling mangroves
  21 ironbrand convokers
  12 hill giants
  6 naga ritualists
  A necromancer (Vaults:3)
  An orb spider (shapeshifter) (Vaults:1)
  14 mana vipers
  8 cyclopes
  13 orc knights
  10 salamanders
  3 orc sorcerers
  2 hornets
  3 wolf spiders
  5 manticores
  A sixfirhy (Orc:3)
  7 griffons
  3 phantasmal warriors
  29 ugly things
  8 elephants
  3 guardian serpents
  A molten gargoyle (Lair:7)
  An eye of devastation (shapeshifter) (D:12)
  A rust devil (Snake:5)
  A queen ant (Lair:3)
  9 vault sentinels
  A gargoyle (D:14)
  6 torpor snails
  A guardian serpent (shapeshifter) (Vaults:3)
  An orange crystal statue (Vaults:2)
  25 spiny frogs
  38 black mambas
  Psyche (D:13)
  2 kobold demonologists
  A spiny frog (shapeshifter) (D:15)
  2 swamp worm zombies (Swamp:5)
  18 naga magi
  4 fire drakes
  A blue devil (Swamp:2)
  2 efreet
  A spectral glowing shapeshifter (Vaults:2)
  7 komodo dragons
  14 trolls
  37 yaktaurs
  The ghost of Scytalen the Chiller, an experienced OpIE of Vehumet (D:6)
  The ghost of wojtek the Cutter, an experienced KoAs of Makhleb (Ossuary)
  3 spriggan druids
  3 hydra zombies (Swamp:5)
  4 deep elf priests
  A red devil (Orc:3)
  Sonja (D:13)
  A queen bee (D:9)
  A polar bear (Lair:7)
  Grinder (D:3)
  A boulder beetle (shapeshifter) (Vaults:3)
  5 boulder beetles
  8 ravens
  10 blink frogs
  A trapdoor spider zombie (D:15)
  7 giant leeches
  6 alligator zombies (Swamp:5)
  A fire vortex (Orc:2)
  15 two-headed ogres
  A wandering mushroom (Lab)
  4 spectral swamp dragons (Swamp:5)
  A minotaur skeleton (Lab)
  A raiju (shapeshifter) (D:13)
  7 basilisks
  4 freezing wraiths
  A frost giant simulacrum (Vaults:2)
  29 slime creatures
  12 bog bodies
  5 deep elf magi
  5 wraiths
  A spectral black mamba (Vaults:2)
  2 redbacks (Vaults:4)
  6 baby alligators
  61 yaks
  A shadow (Swamp:5)
  A water elemental (D:15)
  9 spriggans
  4 wyverns
  2 fire elementals (Lair:7)
  10 wolves
  Eustachio (D:7)
  An orc simulacrum (Vaults:1)
  3 deep elf fighters
  A steam dragon (D:7)
  3 hill giant zombies (D:9)
  4 hogs (Swamp:2)
  A yak (shapeshifter) (Vaults:3)
  4 hungry ghosts
  A chaos spawn (Swamp:2)
  A soldier ant (shapeshifter) (Vaults:3)
  13 insubstantial wisps
  A spectral spiny frog (Swamp:4)
  16 hippogriffs
  55 vampire mosquitoes
  8 soldier ants
  The ghost of wojtek the Sneak, an average KoAs (D:3)
  74 nagas
  4 wargs (Orc:3)
  28 swamp worms
  13 porcupines
  A redback simulacrum (D:15)
  A warg (shapeshifter) (D:14)
  42 water moccasins
  5 mottled dragons
  4 swamp dragon zombies (Swamp:5)
  18 ice beasts
  3 sky beasts
  45 ogres
  5 centaurs
  6 swamp drakes
  30 orc warriors
  2 black bears
  3 eyes of draining
  10 phantoms
  9 wasps
  17 crocodiles
  2 necrophages
  3 big kobolds
  5 boggarts
  5 brain worms (Lair:8)
  Duvessa (D:6)
  Blork the orc (D:6)
  18 giant frogs
  2 gnoll sergeants
  6 scorpions
  2 warg zombies (Orc:3)
  3 troll zombies
  3 electric eels
  26 killer bees
  16 wights
  2 goliath beetles (D:7)
  Dowan (D:6)
  A giant frog zombie (D:12)
  6 jellies
  A centaur zombie (D:8)
  A quasit (D:14)
  A two-headed ogre zombie (Orc:3)
  3 crimson imps
  15 hounds
  7 centaur skeletons
  28 orc priests
  15 iguanas
  2 spectral swamp drakes
  38 orc wizards
  A giant frog skeleton (D:10)
  7 hell rats
  A killer bee zombie (D:7)
  33 worker ants
  4 ogre zombies
  12 sheep
  A hound zombie (D:7)
  A hound skeleton (D:4)
  10 mummies
  62 river rats
  A swamp drake zombie (Swamp:5)
  A worker ant zombie (D:7)
  24 adders
  14 gnolls
  5 shadow imps
  An ufetubus (D:14)
  16 worms
  7 giant geckos
  2 oozes (Lair:6)
  190 orcs
  16 bats
  3 bat skeletons (D:4)
  A bat zombie (D:5)
  8 giant cockroaches
  3 gnoll zombies (Ossuary)
  21 hobgoblins
  2 jackals (D:3)
  19 quokkas
  3 ball pythons
  A giant cockroach zombie (D:5)
  A giant gecko skeleton (D:4)
  3 giant newts
  2 giant spores
  19 goblins
  A goblin skeleton (D:9)
  4 goblin zombies
  A hobgoblin skeleton (D:9)
  6 hobgoblin zombies
  22 kobolds
  2 kobold zombies (Ossuary)
  4 orc skeletons (D:9)
  12 orc zombies
  2 quokka skeletons
  11 rats
  4 spectral orcs (D:15)
  6 ballistomycetes
  8 fungi (Lair:8)
  2 plants (Lair:8)
2065 creatures vanquished.

Vanquished Creatures (collateral kills)
  Vashnia (Snake:2)
  A naga sharpshooter (Snake:2)
  A naga mage (Snake:1)
3 creatures vanquished.

Vanquished Creatures (others)
  An ogre mage (D:15)
  A giant leech (Swamp:5)
  An insubstantial wisp (Swamp:5)
  A naga (Snake:5)
  2 ogres (D:15)
  A wasp (Swamp:5)
  An orc priest (Orc:2)
  3 orcs (Orc:2)
  2 giant spores
  A fungus (Lair:5)
  3 plants
17 creatures vanquished.

Grand Total: 2085 creatures vanquished

Notes
Turn   | Place    | Note
--------------------------------------------------------------
     0 | D:1      | barkface, the Minotaur Berserker, began the quest for the Orb.
     0 | D:1      | Reached XP level 1. HP: 19/19 MP: 1/1
   209 | D:1      | Reached XP level 2. HP: 27/27 MP: 1/1
   452 | D:1      | Reached skill level 4 in Axes
   802 | D:2      | Acquired Trog's second power
  1050 | D:2      | Reached XP level 3. HP: 24/33 MP: 2/2
  1461 | D:3      | Reached XP level 4. HP: 27/40 MP: 2/2
  1574 | D:3      | Found a bloodstained altar of Trog.
  1585 | D:3      | Noticed Grinder
  1604 | D:3      | Paralysed by Grinder for 2 turns
  1614 | D:3      | Killed Grinder
  1614 | D:3      | Reached skill level 5 in Fighting
  1614 | D:3      | Reached skill level 5 in Axes
  1614 | D:3      | Reached XP level 5. HP: 42/48 MP: 2/2
  1614 | D:3      | Reached XP level 6. HP: 49/56 MP: 3/3
  1903 | D:3      | Noticed wojtek's ghost (average KoAs)
  1915 | D:3      | Killed wojtek's ghost
  2025 | D:3      | Found a glowing golden altar of the Shining One.
  2269 | D:3      | Gained mutation: You are dopey. (Int -2) [potion of mutation]
  2269 | D:3      | Gained mutation: You passively map a small area around you. [potion of mutation]
  2395 | D:4      | Found Gaataum's Antique Armour Shop.
  2483 | D:4      | Reached skill level 5 in Armour
  2483 | D:4      | Reached XP level 7. HP: 58/61 MP: 3/3
  2497 | D:4      | Reached skill level 6 in Axes
  2521 | D:4      | Found a sand-covered staircase.
  2599 | Ossuary  | Entered an ossuary
  2674 | Ossuary  | Noticed wojtek's ghost (experienced KoAs)
  2696 | Ossuary  | Killed wojtek's ghost
  2696 | Ossuary  | Reached skill level 5 in Dodging
  3651 | D:4      | Found a burning altar of Makhleb.
  3651 | D:4      | Found a glowing silver altar of Zin.
  3652 | D:4      | Noticed an angel
  3652 | D:4      | Noticed an Executioner
  3807 | D:5      | Entered Level 5 of the Dungeon
  3841 | D:5      | Reached XP level 8. HP: 64/70 MP: 3/3
  3991 | D:5      | Found a staircase to the Ecumenical Temple.
  4057 | D:5      | Reached skill level 7 in Axes
  4078 | D:5      | Acquired Trog's third power
  4767 | D:6      | Noticed Duvessa
  4768 | D:6      | Noticed Dowan
  4778 | D:6      | Killed Duvessa
  4783 | D:6      | Reached skill level 1 in Shields
  4785 | D:6      | Killed Dowan
  4818 | D:6      | Noticed Blork the orc
  4823 | D:6      | Killed Blork the orc
  5276 | D:6      | You fall through a shaft for 3 floors!
  5276 | D:9      | Found a blossoming altar of Fedhas.
  5347 | D:9      | Found an ancient bone altar of Kikubaaqudgha.
  5371 | D:9      | Reached skill level 8 in Axes
  5371 | D:9      | Reached XP level 9. HP: 76/79 MP: 4/4
  5385 | D:9      | Noticed a queen bee
  5390 | D:9      | Received a gift from Trog
  5413 | D:9      | Killed a queen bee
  5612 | D:9      | Found a shadowy altar of Dithmenos.
  5673 | D:9      | Reached skill level 9 in Axes
  5746 | D:9      | Found a staircase to the Orcish Mines.
  5762 | D:8      | Reached skill level 5 in Shields
  6285 | D:7      | Reached XP level 10. HP: 90/90 MP: 4/4
  6323 | D:7      | Noticed Eustachio
  6329 | D:7      | Killed Eustachio
  6354 | D:7      | Got a crude hand axe
  6355 | D:7      | Identified the +6 hand axe "Strykk Vuosa" {chop, SInv} (You found it on level 7 of the Dungeon)
  6363 | D:7      | Received a gift from Trog
  6364 | D:7      | Got a polished scimitar {god gift}
  6371 | D:7      | Identified the +14 scimitar of Autotheism {slice, Str+5 Int+2 Dex-2} (Trog gifted it to you on level 7 of the Dungeon)
  6465 | D:7      | Reached skill level 1 in Long Blades
  6660 | D:6      | Noticed Scytalen's ghost (experienced OpIE)
  6666 | D:6      | Killed Scytalen's ghost
  6857 | D:7      | Found an opulent altar of Gozag.
  7367 | D:8      | Found a staircase to the Lair.
  7707 | D:8      | Received a gift from Trog
  7925 | D:9      | Reached skill level 5 in Long Blades
  8440 | D:9      | Reached XP level 11. HP: 97/97 MP: 4/4
  8557 | D:9      | Found an iron altar of Okawaru.
  8558 | D:9      | Found a white marble altar of Elyvilon.
  8630 | D:10     | Entered Level 10 of the Dungeon
  9519 | D:10     | Found a burning altar of Makhleb.
  9626 | Lair:1   | Entered Level 1 of the Lair of Beasts
  9674 | Lair:1   | Noticed a seven-headed hydra
  9674 | Lair:1   | Noticed Kaesh's ghost (experienced TrMo)
  9707 | D:8      | Received a gift from Trog
  9912 | D:8      | Killed a ten-headed hydra
  9985 | Lair:1   | Killed Kaesh's ghost
  9985 | Lair:1   | Reached skill level 10 in Long Blades
 11203 | Lair:2   | Reached XP level 12. HP: 106/106 MP: 5/5
 11350 | Lair:2   | Found a labyrinth entrance.
 11354 | Lair:2   | Reached skill level 10 in Fighting
 11367 | Lab      | Entered a labyrinth
 11471 | Lab      | Noticed a minotaur
 11475 | Lab      | Killed a minotaur
 11475 | Lab      | Reached skill level 10 in Armour
 11701 | Lair:2   | Reached skill level 10 in Dodging
 11757 | Lair:2   | Reached skill level 10 in Shields
 12024 | Lair:2   | Reached skill level 11 in Long Blades
 12189 | Lair:3   | Received a gift from Trog
 12293 | Lair:3   | Received a gift from Trog
 12293 | Lair:3   | Reached skill level 1 in Throwing
 13014 | Lair:4   | Noticed a four-headed hydra
 13023 | Lair:4   | Killed a ten-headed hydra
 13075 | Lair:4   | Noticed a five-headed hydra
 13083 | Lair:4   | Killed a nine-headed hydra
 13083 | Lair:4   | Reached skill level 12 in Long Blades
 13269 | Lair:4   | You fall through a shaft for 2 floors!
 13359 | Lair:5   | Received a gift from Trog
 13921 | Lair:4   | Reached XP level 13. HP: 116/116 MP: 5/5
 14099 | Lair:5   | Received a gift from Trog
 14274 | Lair:5   | Found a staircase to the Swamp.
 14282 | Lair:5   | Found a staircase to the Snake Pit.
 14498 | Lair:5   | Reached skill level 1 in Evocations
 15015 | Lair:6   | Found a runed door.
 15016 | Lair:6   | Found a viscous altar of Jiyva.
 15018 | Lair:6   | Found a staircase to the Slime Pits.
 15289 | Lair:6   | Reached skill level 13 in Long Blades
 15995 | Lair:7   | Received a gift from Trog
 16403 | Lair:7   | Reached skill level 14 in Long Blades
 16901 | Lair:8   | Entered Level 8 of the Lair of Beasts
 17041 | Lair:8   | Received a gift from Trog
 17042 | Lair:8   | Got a pitted battleaxe {god gift}
 17043 | Lair:8   | Identified the +10 battleaxe "Fruygug" {venom, Str+3 Int+2 Dex+4} (Trog gifted it to you on level 8 of the Lair of Beasts)
 17183 | Lair:8   | Found a runed door.
 17336 | Lair:8   | Reached XP level 14. HP: 82/126 MP: 15/15
 18163 | Lair:8   | Received a gift from Trog
 18163 | Lair:8   | Reached skill level 5 in Evocations
 18512 | Orc:1    | Entered Level 1 of the Orcish Mines
 18847 | Orc:2    | Reached skill level 10 in Axes
 18947 | Orc:2    | Identified a scroll of acquirement
 18980 | Orc:2    | Noticed Urug
 18995 | Orc:2    | Killed Urug
 19088 | Orc:2    | Received a gift from Trog
 19731 | Orc:3    | Received a gift from Trog
 19999 | Orc:3    | Found Loecugiz's Armour Boutique.
 20006 | Orc:3    | Noticed Harold
 20030 | Orc:3    | Killed Harold
 20344 | Orc:3    | Received a gift from Trog
 20346 | Orc:3    | Lost intelligence.
 20426 | Orc:3    | Found a staircase to the Elven Halls.
 20701 | Orc:4    | Entered Level 4 of the Orcish Mines
 21169 | Orc:4    | Found Citah's Antique Weapon Shop.
 21321 | Orc:4    | Found Gioqifuiba's Magic Scroll Shop.
 21330 | Orc:4    | Received a gift from Trog
 21331 | Orc:4    | Got an ichor-stained scimitar {god gift}
 21348 | Orc:4    | Found Yrouceim's Gadget Emporium.
 21351 | Orc:4    | Identified the +2 scimitar of the World {elec, MR+} (Trog gifted it to you on level 4 of the Orcish Mines)
 21361 | Orc:4    | Found Ifriva's General Store.
 21678 | Temple   | Entered the Ecumenical Temple
 22004 | Swamp:1  | Entered Level 1 of the Swamp
 22008 | Swamp:1  | Noticed Agnes
 22028 | Swamp:1  | Killed Agnes
 22382 | Swamp:1  | Reached XP level 15. HP: 119/135 MP: 20/20
 22686 | Swamp:1  | Got a pair of distressingly furry boots
 22692 | Swamp:1  | Identified the +0 pair of boots "Kotioh" {rF- rC+ rCorr Str+3 Int+4} (You found it on level 1 of the Swamp)
 22914 | Swamp:2  | Received a gift from Trog
 22978 | Swamp:2  | Noticed Kirke
 22987 | Swamp:2  | Killed Kirke
 23023 | Swamp:2  | Noticed Wiglaf
 23035 | Swamp:2  | Killed Wiglaf
 23109 | Swamp:2  | Noticed Aizul
 23125 | Swamp:2  | Killed Aizul
 23302 | Swamp:2  | Noticed Frances
 23317 | Swamp:2  | Killed Frances
 23317 | Swamp:2  | Received a gift from Trog
 24232 | Swamp:3  | Noticed Mara
 24244 | Swamp:3  | Noticed barkface's illusion
 24583 | Swamp:3  | Got a pair of steaming boots
 24600 | Swamp:3  | Identified the +2 pair of boots of Pnueh {rPois MR+ Dex+2} (You found it on level 3 of the Swamp)
 24636 | Swamp:3  | Killed Mara
 25040 | Swamp:4  | Received a gift from Trog
 25497 | Swamp:4  | Received a gift from Trog
 25518 | Swamp:4  | Reached XP level 16. HP: 100/141 MP: 24/24
 25724 | Swamp:4  | Noticed a thorn hunter
 25738 | Swamp:4  | Killed a thorn hunter
 26136 | Swamp:5  | Entered Level 5 of the Swamp
 27326 | Swamp:5  | Noticed a bone dragon
 27361 | Swamp:5  | Killed a bone dragon
 27425 | Swamp:5  | Got a decaying rune of Zot
 28248 | D:11     | Received a gift from Trog
 28874 | D:12     | Noticed Fannar
 28890 | D:12     | Killed Fannar
 29767 | D:13     | Received a gift from Trog
 29852 | D:13     | Reached skill level 10 in Evocations
 30020 | D:13     | Noticed Sonja
 30026 | D:13     | Killed Sonja
 30044 | D:13     | Reached skill level 15 in Fighting
 30080 | D:13     | Reached skill level 15 in Armour
 30170 | D:13     | Noticed Psyche
 30182 | D:13     | Killed Psyche
 30680 | D:14     | Found a gate to the Vaults.
 30724 | D:14     | Reached XP level 17. HP: 139/150 MP: 26/26
 30883 | Vaults:1 | Entered Level 1 of the Vaults
 31031 | D:14     | Received a gift from Trog
 31652 | D:15     | Entered Level 15 of the Dungeon
 31719 | D:15     | Noticed Nessos
 31728 | D:15     | Killed Nessos
 31988 | D:15     | Received a gift from Trog
 32481 | D:15     | Noticed Nergalle
 32495 | D:15     | Killed Nergalle
 32699 | D:15     | Found a staircase to the Depths.
 32727 | Depths:1 | Entered Level 1 of the Depths
 32744 | D:15     | Received a gift from Trog
 32748 | D:15     | Reached skill level 15 in Axes
 33433 | Snake:1  | Entered Level 1 of the Snake Pit
 34031 | Snake:1  | Noticed hornqvist's ghost (powerful SpBe)
 34043 | Snake:1  | Killed hornqvist's ghost
 34075 | Snake:1  | Reached skill level 15 in Dodging
 34203 | Snake:1  | Noticed Louise
 34213 | Snake:1  | Killed Louise
 34476 | Snake:1  | Received a gift from Trog
 35005 | Snake:2  | You fall through a shaft!
 35124 | Snake:3  | Reached skill level 16 in Armour
 35485 | Snake:3  | Reached XP level 18. HP: 92/166 MP: 28/28
 35921 | Snake:3  | Received a gift from Trog
 36515 | Snake:5  | Entered Level 5 of the Snake Pit
 36911 | Snake:5  | Found an ancient bone altar of Kikubaaqudgha.
 37148 | Snake:5  | Noticed Saint Roka
 37295 | Snake:5  | Killed Saint Roka
 37302 | Snake:5  | Received a gift from Trog
 37445 | Snake:5  | Received a gift from Trog
 37721 | Snake:5  | Got a translucent sapphire amulet
 37783 | Snake:5  | Identified the amulet "Phagh" {Stasis Contam rF+ Str+3 Dex+7} (You found it on level 5 of the Snake Pit)
 37972 | Snake:5  | Reached skill level 17 in Axes
 38275 | Snake:5  | Got a serpentine rune of Zot
 38359 | Snake:5  | Received a gift from Trog
 38867 | Snake:2  | Noticed Vashnia
 38895 | Snake:2  | HP: 8/168 [naga sharpshooter/bolt[Vashnia] (4)]
 39301 | Snake:2  | Killed Vashnia
 40222 | D:13     | Received a gift from Trog
 40524 | Vaults:1 | Received a gift from Trog
 40578 | Vaults:1 | Reached XP level 19. HP: 158/174 MP: 29/29
 40807 | Vaults:1 | Reached skill level 18 in Axes
 41418 | Vaults:1 | Received a gift from Trog
 42276 | Vaults:2 | Found a staircase to the Crypt.
 42285 | Vaults:2 | Found Gyuciut's Gadget Boutique.
 43063 | Vaults:2 | Received a gift from Trog
 43492 | Vaults:3 | Reached skill level 19 in Axes
 43668 | Vaults:3 | Received a gift from Trog
 43809 | Vaults:3 | Found a flickering gateway to a bazaar.
 43815 | Bazaar   | Entered a bazaar
 43815 | Bazaar   | Found Opluuri's Antique Weapon Boutique.
 43824 | Bazaar   | Found Zirchoe's General Store.
 43831 | Bazaar   | Found Mnyat's Antique Armour Emporium.
 43841 | Bazaar   | Bought a warped cloak for 199 gold pieces
 43851 | Bazaar   | Identified the cursed -4 cloak of Koaraemi {Str+3 Stlth+} (You bought it in a shop in a bazaar)
 43880 | Bazaar   | Found Coehyet's Distillery.
 43886 | Bazaar   | Found Heady's Jewellery Shoppe.
 43887 | Bazaar   | Bought a potion of heal wounds for 35 gold pieces
 43887 | Bazaar   | Bought a potion of heal wounds for 35 gold pieces
 43917 | Bazaar   | Bought a scroll of silence for 75 gold pieces
 44042 | Vaults:3 | Reached XP level 20. HP: 177/187 MP: 29/29
 44301 | Vaults:3 | Received a gift from Trog
 44321 | Vaults:3 | Noticed Mennas
 45142 | Vaults:3 | Killed Mennas
 45164 | Vaults:3 | Received a gift from Trog
 45306 | Vaults:3 | Reached skill level 20 in Axes
 45465 | Vaults:3 | Found a deep blue altar of Sif Muna.
 46548 | Vaults:4 | Received a gift from Trog
 47183 | Vaults:5 | Entered Level 5 of the Vaults
 47216 | Vaults:5 | Noticed an ancient lich
 47315 | Vaults:4 | Received a gift from Trog
 47318 | Vaults:4 | Reached XP level 21. HP: 152/195 MP: 30/30
 47450 | Vaults:4 | Reached skill level 21 in Axes
 47518 | Vaults:4 | Received a gift from Trog
 47817 | Vaults:4 | Killed from afar by a spellforged servitor

Action                   |  1- 3 |  4- 6 |  7- 9 | 10-12 | 13-15 | 16-18 | 19-21 || total
-------------------------+-------+-------+-------+-------+-------+-------+-------++-------
Melee: Hand axe          |    93 |   112 |   400 |    32 |       |       |       ||   637
       Scimitar          |       |       |       |   687 |   375 |    26 |       ||  1088
       Battleaxe         |       |       |       |       |   834 |  1579 |   827 ||  3240
       Great sword       |       |       |       |       |       |       |    43 ||    43
       Eudemon blade     |       |       |       |       |       |       |     2 ||     2
Throw: Javelin           |       |       |       |     3 |    12 |     5 |       ||    20
Invok: Trog's Hand       |     2 |       |     2 |     5 |    12 |    15 |       ||    36
       Berserk           |       |     2 |     2 |     4 |     4 |     3 |     3 ||    18
       Burn Spellbooks   |       |       |       |     1 |       |       |       ||     1
       Brothers in Arms  |       |       |       |       |       |     2 |       ||     2
Evoke: Fan of gales      |       |       |       |       |       |     1 |       ||     1
       Rod               |       |       |       |       |       |     1 |     4 ||     5
       Wand              |       |       |       |       |       |     1 |     1 ||     2
  Use: Scroll            |       |     8 |     7 |    11 |    14 |     8 |     7 ||    55
       Potion            |       |     5 |     5 |     3 |    14 |    13 |     2 ||    42
 Stab: Invisible         |       |       |       |     1 |       |       |       ||     1
  Eat: Chunk             |     1 |     6 |    14 |    33 |    41 |    53 |    24 ||   172
       Pizza             |       |       |     1 |       |       |       |       ||     1
       Fruit             |       |       |       |       |     6 |    24 |       ||    30
       Bread ration      |       |       |       |       |     1 |       |     2 ||     3
       Meat ration       |       |       |       |       |       |       |     1 ||     1
